 Dungeon Crawl Stone Soup version 0.26.0-45-g9c1d065592 (webtiles) character file.

Game seed: 6441551849483826614

49 kaeus the Sneak (level 3, -1/21 HPs)
             Began as an Octopode Enchanter on Jan 28, 2021.
             Slain by Terence
             ... wielding a +0 trident
              (4 damage)
             ... on level 2 of the Dungeon.
             The game lasted 00:02:13 (1946 turns).

kaeus the Sneak (Octopode Enchanter)                Turns: 1946, Time: 00:02:13

Health: -1/21      AC:  1    Str:  7    XL:     3   Next: 75%
Magic:  1/6        EV: 13    Int: 17    God:
Gold:   67         SH:  0    Dex: 13    Spells: 3/6 levels left

rFire    . . .     SeeInvis .   a - +1 dagger
rCold    . . .     Faith    .   (no shield)
rNeg     . . .     Spirit   .   (helmet restricted)
rPois    .         Reflect  .   (no amulet)
rElec    .         Harm     .   (no ring)
rCorr    .         Rampage  .   (no ring)
Will     .....                  (no ring)
Stlth    ++++......             (no ring)
HPRegen  0.07/turn              (no ring)
MPRegen  0.10/turn              (no ring)
                                (no ring)
                                (no ring)

@: very slightly contaminated
A: almost no armour, stealthy swim, amphibious, 8 rings, constrict 8, camouflage
1, gelatinous body 1
a: no special abilities


You were on level 2 of the Dungeon.
You visited 1 branch of the dungeon, and saw 2 of its levels.

You collected 67 gold pieces.

Inventory:

Hand Weapons
 a - a +1 dagger (weapon)
Jewellery
 h - a +4 ring of protection
Scrolls
 b - 2 scrolls of amnesia {unknown}
 c - 4 scrolls of identify {unknown}
 f - a scroll of fear {unknown}
 g - 3 scrolls of remove curse {unknown}
 j - a scroll of noise {unknown}
Potions
 d - 3 potions of attraction {unknown}
 e - a potion of curing {unknown}
 i - a potion of might {unknown}


   Skills:
 + Level 1.4 Short Blades
 + Level 2.3 Dodging
 * Level 4.9 Stealth
 + Level 2.4 Spellcasting
 + Level 3.3 Hexes


You had 3 spell levels left.
You knew the following spells:

 Your Spells              Type           Power        Failure   Level
a - Corona                Hex            14%          4%          1
b - Ensorcelled Hibernat  Hex/Ice        14%          14%         2

Your spell library contained the following spells:

 Spells                   Type           Power        Failure   Level
 Confusing Touch          Hex            13%          14%         3
 Tukima's Dance           Hex            13%          14%         3
 Dazzling Flash           Conj/Hex       14%          28%         3


Dungeon Overview and Level Annotations

Branches:
Dungeon (2/15)

Altars:

Annotations:
D:2 Terence


Innate Abilities, Weirdness & Mutations

You cannot wear most types of armour.
You are very stealthy in the water. (Stealth+)
You are amphibious.
You can wear up to eight rings at the same time.
You can use your tentacles to constrict eight enemies at once.
Your skin changes colour to match your surroundings (Stealth+).
Your rubbery body absorbs attacks. (AC +1, EV +1)


Message History

You constrict Terence, but do no damage.
Terence hits you but does no damage.
You hit Terence but do no damage. You squeeze Terence.
Terence is moderately wounded.
You constrict Terence. Terence hits you with a +0 trident!
* * * LOW HITPOINT WARNING * * *
You take 8 damage, and have 6/21 hp.
MASSIVE DAMAGE!!
You hit Terence but do no damage. You squeeze Terence.
Terence is severely wounded.
You constrict Terence, but do no damage.
Terence hits you with a +0 trident.
* * * LOW HITPOINT WARNING * * *
You take 3 damage, and have 3/21 hp.
You hit Terence.
Terence is severely wounded.
You constrict Terence. You barely miss Terence.
Terence is severely wounded.
You constrict Terence. Terence hits you with a +0 trident.
You die...

#..................##.#..########
...#####............#.....# #...
##.# #............####..######.
##.# ##............# ##...# ##.
#..# ##.....).)....# ###.###..
..####...#†..##...## #......
.#......########.## #####..
...##<..# #.###### ##.. ..†...###
#@.....# #... #.#####
#$....=@.....# #.## >.#
#............. #.# .##
#.#..........# #.# ## .#
#..$.......# #.# # #..........#
#.# #..........# #.# #...........
#.#


You could see Terence.

Vanquished Creatures
  3 worms (D:2)
  A dart slug (D:2)
  A leopard gecko (D:1)
  A giant cockroach (D:2)
  8 goblins
  3 hobgoblins (D:1)
  6 kobolds
  4 bats
  5 frilled lizards
  4 rats
36 creatures vanquished.

Notes
Turn   | Place    | Note
-------+----------+-------------------------------------------
     0 | D:1      | kaeus the Octopode Enchanter began the quest for the Orb.
     0 | D:1      | Reached XP level 1. HP: 11/11 MP: 3/3
   214 | D:1      | Reached XP level 2. HP: 17/17 MP: 5/5
  1084 | D:2      | Reached XP level 3. HP: 13/21 MP: 6/6
  1671 | D:2      | Noticed Terence
  1809 | D:2      | Learned a level 2 spell: Ensorcelled Hibernation
  1946 | D:2      | Slain by Terence

Illustrated notes

Levels and vault maps discovered:
D:1:      dpeg_arrival_windows_large_door, layout_loops_ring, dk_noncrumbling_3
D:2:      layout_rooms, serial_co_window_serial, co_window_paths_a,
          co_window_corner_a, co_window_paths_a, co_window_paths_a,
          co_window_corner_a, co_window_2corner, co_window_unsneaky_path_b,
          co_window_unsneaky_path_c, co_window_unsneaky_path_d, glass_columns_a,
          lightli_corner_chamber, uniq_robin, uniq_terence

Action                   || total
-------------------------++-------
Melee: Dagger            ||    76
       Constrict         ||    20
       Tentacles         ||    15
 Cast: Ensorcelled Hiber ||     2
 Stab: Sleeping          ||    14
Armor: Skin              ||     8
Dodge: Dodged            ||    31
